 Dungeon Crawl Stone Soup version 0.18-a0-946-g3ac5b32 (webtiles) character file.

28 filipzpl the Magician (level 3, -2/19 HPs)
             Began as a Gargoyle Wizard on Dec 29, 2015.
             Slain by Natasha (7 damage)
             ... on level 1 of the Dungeon.
             The game lasted 00:05:20 (1469 turns).

filipzpl the Magician (Gargoyle Wizard)             Turns: 1469, Time: 00:05:20

Health: -2/19      AC:  5    Str: 10    XL:     3   Next: 12%
Magic:  1/7        EV: 11    Int: 19    God:
Gold:   40         SH:  0    Dex:  8    Spells: 1 memorised, 7 levels left

rFire  . . .     SeeInvis .     (no weapon)
rCold  . . .     Gourm    .     a - +0 robe
rNeg   + . .     Faith    .     (no shield)
rPois  ∞         Spirit   .     b - +0 hat
rElec  +         Dismiss  .     (no cloak)
rCorr  .         Reflect  .     (no gloves)
SustAt .         Harm     .     (no boots)
MR     .....                    (no amulet)
Stlth  ++........               (no ring)
                                (no ring)

@: very slightly contaminated, slowed, very slow, not resistant to hostile
enchantments, unstealthy
A: negative energy resistance 1, electricity resistance, unbreathing,
petrification resistance, rot immunity, AC +3
a: no special abilities


You were on level 1 of the Dungeon.
You were near starving.

You visited 1 branch of the dungeon, and saw 2 of its levels.

You collected 40 gold pieces.

Inventory:

Armour
 a - a +0 robe (worn)
 b - a +0 hat (worn)
Scrolls
 e - 2 scrolls of teleportation {unknown}
 i - a scroll of recharging {unknown}
 j - a scroll of random uselessness {unknown}
 k - a scroll of fog {unknown}
 l - a scroll of immolation {unknown}
Potions
 f - a potion of cancellation {unknown}
 g - 2 potions of lignification {unknown}
 h - a potion of degeneration {unknown}
Books
 c - a book of Minor Magic

   Spells                             Type                      Level
   a - Magic Dart                     Conjuration                  1
   b - Blink                          Translocation                2
   c - Call Imp                       Summoning                    2
   d - Repel Missiles                 Charms/Air                   2
   e - Slow                           Hexes                        2
   f - Conjure Flame                  Conjuration/Fire             3
   g - Mephitic Cloud                 Conjuration/Poison/Air       3
Comestibles
 d - a bread ration


   Skills:
 - Level 1.5 Dodging
 - Level 2.1 Stealth
 * Level 3.4 Spellcasting
 * Level 2.5 Conjurations
   Level 0.8 Summonings
   Level 0.8 Translocations


You had 7 spell levels left.
You knew the following spells:

 Your Spells              Type           Power        Failure   Level  Hunger
a - Magic Dart            Conj           ##..         8%          1    None


Dungeon Overview and Level Annotations

Branches:
Dungeon (2/15)

Altars:

Annotations:
D:1 Natasha


Innate Abilities, Weirdness & Mutations

You are resistant to torment.
Your stone body is resilient (AC +3).
You are immune to poison.
You resist negative energy.
You are resistant to electric shocks.
You can survive without breathing.
You are immune to petrification.
You are immune to rotting.


Message History

Confirm with . or Enter, or press ? or * to list all spells.
Aiming: Magic Dart
Press: ? - help, Shift-Dir - straight line, f - Natasha
Aim: Natasha (moderately wounded)
The magic dart hits Natasha.
Natasha is moderately wounded.
Natasha claws you but does no damage. The goblin closely misses you.
Natasha stares at you and mumbles some strange words.
The magic dart hits you! Natasha casts a spell at you. The magic dart hits you!
* * * LOW HITPOINT WARNING * * *
Natasha stares at you and mumbles some strange words.
You feel yourself slow down. The goblin barely misses you.
Natasha extends her claws.
Natasha wildly gestures.
You feel troubled. Natasha claws you!
You die...

##...#..#######...##.####
########.###...########.###....#
........## ##..........#.##.##.#
########.###...###..........##.#
##.#.#[......######.....#
#.........).######..#..#
##..##..##..............#
########(...........##..>.)....#
..).............@hg....###..#).#
#########...##.###..#### #..#..#
#...##.###..# #..#..#
#...##...#..#### #..)..#
#...####.#.....###..#..#
#......................# ##
#.#.......#.##.###.###.# .#
#...........##....#....# .#
########.#####..##.###.#


You could see Natasha and a goblin.

Vanquished Creatures
  3 giant geckos
  5 bats (D:1)
  2 giant cockroaches (D:1)
  4 hobgoblins (D:1)
  A goblin (D:1)
  6 kobolds (D:1)
  5 rats (D:1)
26 creatures vanquished.

Notes
Turn   | Place    | Note
--------------------------------------------------------------
     0 | D:1      | filipzpl the Gargoyle Wizard began the quest for the Orb.
     0 | D:1      | Reached XP level 1. HP: 10/10 MP: 4/4
   402 | D:1      | Reached XP level 2. HP: 3/15 MP: 0/6
  1339 | D:1      | Reached XP level 3. HP: 19/19 MP: 5/7
  1452 | D:2      | Noticed Natasha
  1469 | D:1      | Slain by Natasha

Vault maps used:
D:1:      mushboom_english_gardens
D:2:      zin_purify, lemuel_zombie_altar_kikubaaqudgha, first_bread,
          johnstein_pakellas_shop, uniq_natasha

Action                   || total
-------------------------++-------
Melee: Unarmed           ||    41
 Cast: Magic Dart        ||    73
